 Dungeon Crawl Stone Soup version 0.28.0-43-g3370ac3207 (webtiles) character file.

Game seed: 1575927129764931668

69 Woods the Chiller (level 4, -7/24 HPs)
             Began as a Deep Elf Ice Elementalist on Mar 2, 2022.
             Killed from afar by Sigmund (10 damage)
             ... with a puff of flame
             ... on level 2 of the Dungeon.
             The game lasted 00:02:53 (2271 turns).

Woods the Chiller (Deep Elf Ice Elementalist)       Turns: 2271, Time: 00:02:53

Health: -7/24      AC:  2    Str:  5    XL:     4   Next: 2%
Magic:  9/12       EV: 12    Int: 22    God:
Gold:   98         SH:  0    Dex: 15    Spells: 5/12 levels left

rFire   . . .      SeeInvis .   (no weapon)
rCold   . . .      Faith    .   (no shield)
rNeg    . . .      Spirit   .   a - +0 robe
rPois   .          Reflect  .   (no helmet)
rElec   .          Harm     .   (no cloak)
rCorr   .          Rampage  .   (no gloves)
Will    .....                   (no boots)
Stlth   ++........              (no amulet)
HPRegen 0.08/turn               (no ring)
MPRegen 0.13/turn               (no ring)

@: no status effects
A: no striking features
a: no special abilities


You were on level 2 of the Dungeon.
You visited 1 branch of the dungeon, and saw 2 of its levels.

You collected 98 gold pieces.

Inventory:

Armour
 a - a +0 robe (worn)
Jewellery
 b - a ring of ice
Scrolls
 c - a scroll of enchant armour {unknown}
 e - a scroll of identify {unknown}
 f - a scroll of magic mapping {unknown}
Potions
 d - a potion of might {unknown}


   Skills:
 - Level 2.5 Dodging
 - Level 2.5 Stealth
 + Level 4.6 Spellcasting
 + Level 5.3 Ice Magic


You had 5 spell levels left.
You knew the following spells:

 Your Spells              Type           Power      Damage    Failure   Level
a - Freeze                Ice            100%       1d11      1%          1
b - Frozen Ramparts       Ice            56%        1d7       3%          3
c - Ozocubu's Armour      Ice            28%        N/A       3%          3

Your spell library contained the following spells:

 Spells                   Type           Power      Damage    Failure   Level
 Animate Skeleton         Necr           10%        N/A       11%         1
 Apportation              Tloc           10%        N/A       11%         1
 Summon Small Mammal      Summ           20%        N/A       11%         1
 Hailstorm                Conj/Ice       16%        3d6       34%         4


Dungeon Overview and Level Annotations

Branches:
Dungeon (2/15)

Altars:

Annotations:
D:2 Sigmund


Message History

Casting: Ozocubu's Armour (quite dangerous; 3% risk of failure)
Confirm with . or Enter, or press ? or * to list all spells.
The spell is quite dangerous to miscast (3% risk of failure)!
Continue anyway?
Casting: Frozen Ramparts (quite dangerous; 3% risk of failure)
Press: ? - help, Dir - look around, f - activate The walls around you are covered in ice.
The wall freezes Sigmund.
Sigmund barely misses you.
The wall freezes Sigmund.
Sigmund barely misses you.
The wall freezes Sigmund.
Sigmund closely misses you.
The wall freezes Sigmund.
Sigmund hits you from afar with a +0 scythe.
The wall freezes Sigmund.
Sigmund points at you and mumbles some strange words.
You are confused.
The wall freezes Sigmund.
Sigmund screams, "Don't try to resist!"
Sigmund barely misses you.
The frozen ramparts melt away.
Sigmund points at you and mumbles some strange words.
You are more confused.
Sigmund flickers, as though insubstantial.
Sigmund closely misses you. Sigmund barely misses you.
Sigmund laughs darkly.
Sigmund casts a spell at you. The magic dart hits you!
Sigmund barely misses you.
Sigmund hits you from afar with a +0 scythe.
Sigmund hits you from afar with a +0 scythe!
* * * LOW HITPOINT WARNING * * *
Your icy armour will break if you move.
Continue? [Y]es or [N]o only, please.
Your icy armour will break if you move.
Continue?
Your icy armour cracks and falls away as you move.
Sigmund closely misses you.
You feel less confused.
Sigmund screams, "Don't try to resist!"
Sigmund points at you and mumbles some strange words.
The puff of flame hits you!
You die...

### ###.# ...#
#####.#########
#.....@..@...$#
#...#.#######.#
#.# #.# #.# #
#.# #.# #.# #.#
#### #†# #.#
###...
#.#######.#
#.....
#.......#.#
#.....
#.......#.#
##.....


You could see Sigmund.

Vanquished Creatures
  4 adders (D:2)
  3 endoplasms
  A giant cockroach (D:2)
  5 goblins
  2 hobgoblins (D:1)
  4 kobolds (D:1)
  2 quokkas
  3 ball pythons (D:2)
  5 bats
  2 frilled lizards
  3 rats
34 creatures vanquished.

Notes
Turn   | Place    | Note
-------+----------+-------------------------------------------
     0 | D:1      | Woods the Deep Elf Ice Elementalist began the quest for the
                  | Orb.
     0 | D:1      | Reached XP level 1. HP: 10/10 MP: 6/6
   366 | D:1      | Noticed a golden eye
   368 | D:1      | Found a faded altar of an unknown god.
   369 | D:1      | Noticed a floating eye
   369 | D:1      | Noticed a floating eye
   369 | D:1      | Noticed a golden eye
   566 | D:1      | Reached XP level 2. HP: 15/15 MP: 6/8
  1310 | D:2      | Reached XP level 3. HP: 19/19 MP: 6/10
  1314 | D:2      | Learned a level 3 spell: Frozen Ramparts
  1318 | D:2      | Learned a level 3 spell: Ozocubu's Armour
  1369 | D:2      | Reached skill level 5 in Ice Magic
  2186 | D:2      | Reached XP level 4. HP: 24/24 MP: 9/12
  2244 | D:2      | Noticed Sigmund
  2271 | D:2      | Killed from afar by Sigmund

Illustrated notes

Levels and vault maps discovered:
D:1:      sevenhm_arrival_forest_fort_small_3, layout_rooms,
          hellmonk_ecumenical_altar_watching_god
D:2:      layout_basic, minmay_tiny_reverse_x, uniq_sigmund

Skill      XL: |  1  2  3 |
---------------+----------+-----
Spellcasting   | 4 |  4.6
Ice Magic      | 5 |  5.3
Dodging        | |  2.5
Stealth        | |  2.5

Action                   |  1- 3 |  4- 6 || total
-------------------------+-------+-------++-------
Melee: Unarmed           |     2 |       ||     2
 Cast: Freeze            |    45 |     2 ||    47
       Frozen Ramparts   |     2 |     1 ||     3
       Ozocubu's Armour  |       |     1 ||     1
Armor: Robe              |    11 |     1 ||    12
Dodge: Dodged            |    25 |     8 ||    33
